 Dungeon Crawl Stone Soup version 0.17.0-24-gcfadda4 (webtiles) character file.

2791 oplop the Changer (level 9, -5/61 HPs)
             Began as an Octopode Transmuter on Nov 15, 2015.
             Shot with an arrow of frost by a centaur (7 damage)
             ... on level 9 of the Dungeon.
             The game lasted 00:26:16 (9853 turns).

oplop the Changer (Octopode Transmuter)             Turns: 9853, Time: 00:26:16

Health: -5/61      AC:  5    Str: 12    XL:     9   Next: 71%
Magic:  13/18      EV: 20    Int: 15    God:
Gold:   442        SH:  0    Dex: 18    Spells: 4 memorised, 10 levels left

rFire  . . .     SeeInvis .       - Unarmed
rCold  . . .     Clarity  .     (shield currently unavailable)
rNeg   . . .     SustAt   .     (helmet currently unavailable)
rPois  x         Gourm    .     (no amulet)
rElec  .         Spirit   .     o - ring of flight
rCorr  .         Warding  .     (no ring)
rMut   .         Stasis   .     z - +3 ring of protection
MR     .....                    (no ring)
Stlth  +++.......               (no ring)
                                (no ring)
                                (no ring)
                                (no ring)

@: spider-form, not resistant to hostile enchantments, fairly stealthy
A: almost no armour, amphibious, 8 rings, (constrict 8), (camouflage 0),
(gelatinous body 0)
a: End Transformation, Evoke Flight


You were on level 9 of the Dungeon.
You were not hungry.
You were a venomous arachnid creature.
You visited 2 branches of the dungeon, and saw 10 of its levels.

You collected 442 gold pieces.

Inventory:

Missiles
 a - 43 arrows
 w - 8 javelins of penetration (quivered)
Jewellery
 m - an uncursed ring of ice
 o - a ring of flight (left front leg)
 y - an uncursed ring of fire
 z - a +3 ring of protection (on tentacle)
Wands
 A - a wand of cold (9)
 E - a wand of draining (6)
 F - a wand of fireball (6)
Scrolls
 d - 8 scrolls of identify {unknown}
 j - a scroll of brand weapon {unknown}
 n - 3 scrolls of blinking {unknown}
 p - 2 scrolls of noise {unknown}
 q - a scroll of fear {unknown}
 s - a scroll of remove curse
 t - 2 scrolls of magic mapping
 v - a scroll of amnesia
 x - a scroll of enchant weapon {unknown}
Potions
 e - 4 potions of magic {unknown}
 f - 3 potions of curing
 g - 6 potions of agility {unknown}
 h - 2 potions of mutation {unknown}
 i - a potion of resistance {unknown}
 k - 2 potions of heal wounds {unknown}
 l - 4 potions of brilliance {unknown}
 r - a potion of degeneration {unknown}
 u - a potion of berserk rage {unknown}
 B - a potion of invisibility {unknown}
 C - a potion of cancellation {unknown}
 G - a potion of flight {unknown}
Books
 b - a book of Changes

   Spells                             Type                      Level
   a - Beastly Appendage              Transmutation                1
   b - Sticks to Snakes               Transmutation                2
   c - Spider Form                    Transmutation/Poison         3
   d - Ice Form                       Ice/Transmutation            4
   e - Blade Hands                    Transmutation                5
 D - a book of Necromancy

   Spells                             Type                      Level
   a - Pain                           Necromancy                   1
   b - Animate Skeleton               Necromancy                   1
   c - Vampiric Draining              Necromancy                   3
   d - Regeneration                   Charms/Necromancy            3
   e - Animate Dead                   Necromancy                   4
   f - Control Undead                 Necromancy                   4
Comestibles
 c - 7 bread rations
 H - a beef jerky


   Skills:
 + Level 5.3 Fighting
 + Level 2.4 Dodging
 - Level 3.8 Stealth
 - Level 3.0 Unarmed Combat
 + Level 6.4 Spellcasting
 - Level 6.8 Transmutations
 - Level 6.1 Ice Magic
 + Level 1.3 Poison Magic


You had 10 spell levels left.
You knew the following spells:

 Your Spells              Type           Power        Failure   Level  Hunger
a - Beastly Appendage     Trmt           ####..       4%          1    None
b - Sticks to Snakes      Trmt           ####......   6%          2    #......
c - Spider Form           Trmt/Pois      ###.......   24%         3    ##.....
d - Ice Form              Ice/Trmt       ###.....     28%         4    ####...


Dungeon Overview and Level Annotations

Branches:
Dungeon (9/15)             Temple (1/1) D:7
   Lair: D:8-11         Orc: D:9-12

Altars:
Ashenzari
Cheibriados
Dithmenos
Elyvilon
Fedhas
Gozag
Kikubaaqudgha
Makhleb
Nemelex Xobeh
Okawaru
Qazlal
Ru
Sif Muna
Trog
Vehumet
Xom
Yredelemnul
Zin
The Shining One

Shops:
D:5 }   D:6 =   D:7 (

Annotations:
D:2 exclusion: door
D:5 exclusions: centaur and 1 more exclusion, Turgon's ghost, novice OpGl
D:6 Menkaure
D:8 Gastronok; Psyche


Innate Abilities, Weirdness & Mutations

You cannot wear most types of armour.
You are amphibious.
You can wear up to eight rings at the same time.
((You can use your tentacles to constrict eight enemies at once.))
((Your skin changes colour to match your surroundings (Stealth).))
((Your rubbery body absorbs attacks (AC +1).))


Message History

The ogre misses you.
The centaur shoots an arrow of frost.
The arrow of frost barely misses you.
You see here 3 arrows of frost.
Read which item? (? for menu, Esc to quit)
Okay, then.
Evoke which item? (* to show all) (? for menu, Esc to quit)
Okay, then.
Unknown command.
You see here 2 arrows of frost.
The centaur shoots an arrow of frost.
The arrow of frost closely misses you.
Your adder barely misses the centaur.
Your adder bites the centaur.
Found a scroll labeled LAPIUCARIO.
The centaur shoots an arrow of frost.
The arrow of frost hits you!
* * * LOW HITPOINT WARNING * * *
The arrow of frost freezes you.
* * * LOW HITPOINT WARNING * * *
You see here an arrow of frost.
Your adder bites the ogre.
The ogre is poisoned.
Your adder poisons the ogre!
The centaur shoots an arrow of frost.
The arrow of frost hits you!
You die...

#....# #....# #....#
#....# ..######..###
..........#
..#####...# #...#
#..s#######+###
#....c(S.((?..######
#.....O.....(.(.....
#........(...(.(....
#......#######....#+
........# #....#
##.......# #....#
#.......# #....#
#.......# #....#


You could see an ogre, a centaur and a friendly adder.

Vanquished Creatures
  A centaur zombie (D:7)
  The ghost of oplop the Changer, a novice OpTm (D:4)
  Prince Ribbit (D:8)
  Duvessa (D:7)
  An orc warrior (D:4)
  2 water moccasins (D:6)
  A wasp (D:8)
  2 phantoms
  2 ogres (D:4)
  2 centaurs
  A giant frog (D:8)
  Dowan (D:7)
  3 wights (D:7)
  2 crimson imps (D:5)
  A jelly (D:6)
  A giant frog skeleton (D:5)
  A centaur skeleton (D:5)
  3 hounds
  An iguana (D:7)
  5 worker ants
  2 orc priests
  5 orc wizards
  4 gnolls
  A worker ant zombie (D:6)
  6 adders
  2 adder skeletons
  3 giant geckos (D:8)
  24 orcs
  6 bats
  5 giant cockroaches
  12 hobgoblins
  4 jackals
  6 kobolds
  4 quokkas
  A ball python (D:4)
  A ball python zombie (D:6)
  5 giant newts
  7 goblins
  8 rats
139 creatures vanquished.

Vanquished Creatures (collateral kills)
  2 giant frogs (D:7)
  2 orc priests
  An orc wizard (D:6)
  Crazy Yiuf (D:2)
  A giant frog skeleton (D:6)
  2 gnolls
  3 orcs
  2 jackals (D:5)
14 creatures vanquished.

Grand Total: 153 creatures vanquished

Notes
Turn   | Place    | Note
--------------------------------------------------------------
     0 | D:1      | oplop the Octopode Transmuter began the quest for the Orb.
     0 | D:1      | Reached XP level 1. HP: 13/13 MP: 3/3
   135 | D:1      | Reached XP level 2. HP: 18/18 MP: 5/5
   890 | D:1      | Reached XP level 3. HP: 19/23 MP: 6/6
  1300 | D:2      | Noticed Crazy Yiuf
  1442 | D:2      | Found a shattered altar of Ashenzari.
  1442 | D:2      | Found a shadowy altar of Dithmenos.
  1443 | D:2      | Found a glowing golden altar of the Shining One.
  1816 | D:2      | Learned a level 2 spell: Sticks to Snakes
  1826 | D:2      | Killed Crazy Yiuf
  1846 | D:2      | Found an opulent altar of Gozag.
  2171 | D:3      | Found an ancient bone altar of Kikubaaqudgha.
  2208 | D:3      | Learned a level 3 spell: Spider Form
  2331 | D:3      | Reached XP level 4. HP: 25/29 MP: 6/8
  3003 | D:4      | Reached skill level 1 in Stealth
  3103 | D:4      | Reached XP level 5. HP: 29/34 MP: 9/9
  3530 | D:4      | Noticed oplop's ghost (novice OpTm)
  3912 | D:4      | Noticed an ogre
  3929 | D:4      | Killed an ogre
  3929 | D:4      | Reached skill level 4 in Transmutations
  3929 | D:4      | Reached XP level 6. HP: 26/39 MP: 4/10
  4073 | D:5      | Entered Level 5 of the Dungeon
  4073 | D:5      | Found Hygethri's Gadget Emporium.
  4558 | D:5      | Reached skill level 5 in Transmutations
  4581 | D:5      | Noticed Turgon's ghost (novice OpGl)
  4686 | D:6      | Noticed a water moccasin
  4720 | D:6      | Killed a water moccasin
  4967 | D:6      | Found Jam Fuz's Jewellery Emporium.
  5010 | D:6      | Noticed a hippogriff
  5052 | D:6      | Noticed Menkaure
  5116 | D:6      | Learned a level 4 spell: Ice Form
  5213 | D:6      | Reached XP level 7. HP: 45/45 MP: 6/12
  5225 | D:6      | Reached skill level 1 in Ice Magic
  6062 | D:5      | Reached skill level 6 in Transmutations
  6513 | D:4      | Reached XP level 8. HP: 50/50 MP: 6/14
  6523 | D:4      | Noticed an orc warrior
  6550 | D:4      | Killed an orc warrior
  7032 | D:4      | Killed oplop's ghost
  7438 | D:6      | Reached skill level 5 in Spellcasting
  7677 | D:7      | Noticed Duvessa
  7677 | D:7      | Noticed Dowan
  7729 | D:7      | Noticed a centaur zombie
  7772 | D:7      | Killed a centaur zombie
  7772 | D:7      | Reached skill level 5 in Ice Magic
  7772 | D:7      | Reached XP level 9. HP: 40/58 MP: 5/17
  8101 | D:7      | Found Kesothick's Weapon Shop.
  8168 | D:7      | Found an iron altar of Okawaru.
  8172 | D:7      | Found a burning altar of Makhleb.
  8175 | D:7      | Found a stormy altar of Qazlal.
  8258 | D:7      | Found a radiant altar of Vehumet.
  8338 | D:7      | Found a staircase to the Ecumenical Temple.
  8343 | Temple   | Entered the Ecumenical Temple
  8619 | D:7      | Killed Duvessa
  8622 | D:7      | Killed Dowan
  8969 | D:8      | Found a sparkling altar of Nemelex Xobeh.
  8974 | D:8      | Noticed Psyche
  9115 | D:8      | Reached skill level 5 in Fighting
  9120 | D:8      | Found a shimmering altar of Xom.
  9120 | D:8      | Noticed Gastronok
  9164 | D:7      | HP: 3/61 [giant frog (6)]
  9675 | D:8      | Noticed Prince Ribbit
  9688 | D:8      | Killed Prince Ribbit
  9688 | D:8      | Reached skill level 1 in Poison Magic
  9850 | D:9      | HP: 1/61 [centaur/arrow of frost (3)]
  9853 | D:9      | Shot with an arrow of frost by a centaur

Action                   |  1- 3 |  4- 6 |  7- 9 || total
-------------------------+-------+-------+-------++-------
Melee: Unarmed           |    89 |   117 |   295 ||   501
Throw: Javelin           |       |     2 |     8 ||    10
 Cast: Beastly Appendage |     2 |     5 |       ||     7
       Sticks to Snakes  |     3 |    17 |    41 ||    61
       Spider Form       |       |     6 |    14 ||    20
       Ice Form          |       |       |    12 ||    12
  Use: Scroll            |     6 |     1 |       ||     7
       Potion            |       |       |     1 ||     1
 Stab: Sleeping          |     8 |     5 |     3 ||    16
  Eat: Chunk             |     4 |     4 |     8 ||    16
       Meat ration       |       |     1 |     1 ||     2
       Fruit             |       |     2 |     1 ||     3
       Beef jerky        |       |       |     1 ||     1
       Royal jelly       |       |       |     2 ||     2
       Pizza             |       |       |     1 ||     1
